 Dungeon Crawl Stone Soup version 0.24-a0-537-g2d01d4ab0a (webtiles) character file.

Game seed: 6011163002322129601

1819 DavidChitty2 the Destroyer (level 8, -1/69 HPs)
             Began as a Red Draconian Conjurer on Aug 12, 2019.
             Killed from afar by Harold (15 damage)
             ... with a harpoon shot
             ... on level 7 of the Dungeon.
             The game lasted 00:18:13 (9646 turns).

DavidChitty2 the Destroyer (Red Draconian Conjurer) Turns: 9646, Time: 00:18:14

Health: -1/69      AC:  9    Str: 14    XL:     8   Next: 85%
Magic:  3/15       EV: 10    Int: 14    God:
Gold:   379        SH:  9    Dex: 15    Spells: 10/17 levels left

rFire    . . .     SeeInvis .   a - +9 hand axe of Seufile {speed, rPois rN+++ Int-4 Dex+4}
rCold    + . .     Gourm    .   i - +0 shield
rNeg     + + +     Faith    .   (armour unavailable)
rPois    +         Spirit   .   (helmet restricted)
rElec    +         Reflect  .   (no cloak)
rCorr    .         Harm     .   r - +1 pair of gloves
MR       .....                  k - +0 pair of boots
Stlth    +++.......             (no amulet)
HPRegen  0.21/turn              o - ring of protection from cold
MPRegen  0.14/turn              y - ring "Boah" {Wiz rElec rF- Str+3 Stlth+}

@: no status effects
A: breathe fire, unfitting armour, fire resistance 1, cold-blooded, AC +6
a: Breathe Fire


You were on level 7 of the Dungeon.
You were very hungry.

You visited 1 branch of the dungeon, and saw 7 of its levels.
You also visited: Sewer.

You collected 379 gold pieces.

Inventory:

Hand Weapons
 a - the +9 hand axe of Seufile (weapon) {speed, rPois rN+++ Int-4 Dex+4}
   (You found it on level 5 of the Dungeon)

   Attacks with this weapon are significantly faster.
   It affects your intelligence (-4).
   It affects your dexterity (+4).
   It protects you from poison.
   It renders you almost immune to negative energy.
 b - a +0 falchion
   (You took it off an orc priest on level 5 of the Dungeon)
 t - a +0 short sword of electrocution
   (You took it off a big kobold in a sewer)
Missiles
 d - 181 stones (quivered)
 m - 2 throwing nets {!f}
Armour
 i - a +0 shield (worn)
   (You found it on level 2 of the Dungeon)
 k - a +0 pair of boots (worn)
   (You found it on level 2 of the Dungeon)
 r - a +1 pair of gloves (worn)
   (You found it on level 4 of the Dungeon)
Jewellery
 f - an uncursed amulet of rage {unknown}
   (You found it on level 5 of the Dungeon)
 j - a +2 ring of intelligence
   (You found it on level 3 of the Dungeon)
 o - a ring of protection from cold (left hand)
   (You found it on level 1 of the Dungeon)
 y - the ring "Boah" (right hand) {Wiz rElec rF- Str+3 Stlth+}
   (You found it on level 6 of the Dungeon)

   [ring of wizardry]

   It improves your spell success rate.
   It affects your strength (+3).
   It makes you vulnerable to fire.
   It insulates you from electricity.
   It makes you more stealthy.
Scrolls
 c - 4 scrolls of teleportation {@r4}
 h - 2 scrolls of fog
 n - 2 scrolls of amnesia
 u - a scroll of immolation {!r}
 A - 3 scrolls of remove curse {@r2}
Potions
 l - 8 potions of curing {@q1}
 p - 3 potions of heal wounds {@q2}
 q - 5 potions of agility {unknown}
 s - 3 potions of flight
 v - 2 potions of lignification {!q}
 w - 2 potions of haste {unknown}
 x - 3 potions of mutation {!q}
Comestibles
 e - 13 rations {!d}


   Skills:
 + Level 5.4 Fighting
 - Level 1.7 Dodging
 - Level 1.7 Stealth
 + Level 4.6 Shields
 + Level 5.1 Spellcasting
 * Level 8.4 Conjurations


You had 10 spell levels left.
You knew the following spells:

 Your Spells              Type           Power        Failure   Level  Hunger
a - Magic Dart            Conj           ####         1%          1    None
s - Searing Ray           Conj           ####..       1%          2    ##.....
x - Iskenderun's Mystic   Conj           ####....     9%          4    ####...

Your spell library contained the following spells:

 Spells                   Type           Power        Failure   Level  Hunger
 Dazzling Spray           Conj/Hex       ###...       14%         3    ###....
 Force Lance              Conj/Tloc      ###.....     41%         4    ####...
 Fulminant Prism          Conj/Hex       ###.......   41%         4    ####...


Dungeon Overview and Level Annotations

Branches:
Dungeon (7/15)
 Temple: D:4-7

Altars:
Okawaru
Xom

Annotations:
D:6 1 runed translucent door, temitten's ghost, amateur MiMo
D:7 Harold


Innate Abilities, Weirdness & Mutations

You can breathe blasts of fire.
Your fiery red scales are hard. (AC +6)
You cannot fit into any form of body armour.
Your flesh is heat resistant. (rF+)
You are cold-blooded and may be slowed by cold attacks.


Message History

Your magical contamination has completely faded away.
You butcher the bullfrog corpse.
g - a chunk of flesh You see here a bullfrog skeleton. x2
Eating a chunk of flesh.
You eat the chunk of flesh.
Harold is too close now for your liking.
Things that are here:
8 boomerangs; a jackal corpse Harold is nearby!
Harold is nearby!
You now have 379 gold pieces (gained 16).
Aim: Harold, wielding a +0 halberd and wearing a +0 scale mail (resting)
The orb of energy hits Harold but does no damage.
Harold shouts!
The orb of energy explodes!
Harold hits you from afar with a +0 halberd!
Aim: Harold, wielding a +0 halberd and wearing a +0 scale mail The orb of energy hits Harold!
You are feeling hungry.
Harold hits you from afar with a +0 halberd!
Aim: Harold, wielding a +0 halberd and wearing a +0 scale mail (lightly wounded)
The orb of energy hits Harold.
The orb of energy explodes!
Harold closely misses you.
Aim: Harold, wielding a +0 halberd and wearing a +0 scale mail (lightly wounded)
You breathe a blast of fire.
The fiery breath hits Harold.
You feel somewhat more hungry.
Aim: Harold, wielding a +0 halberd and wearing a +0 scale mail (moderately wounded)
The magic dart hits Harold but does no damage.
You block Harold's attack.
Aim: Harold, wielding a +0 halberd and wearing a +0 scale mail (moderately wounded)
The magic dart hits Harold but does no damage.
Harold hits you from afar with a +0 halberd!
* * * LOW HITPOINT WARNING * * *
Harold points at you and mumbles some strange words.
The harpoon shot misses you.
Harold grumbles, "Just give up already, I want to go home!"
Harold throws a throwing net.
The throwing net hits you.
You become entangled in the net!
You see here a throwing net {!f}.
You struggle against the net.
You struggle against the net.
You shred the net and break free!
Harold hits you from afar with a +0 halberd!!
* * * LOW HITPOINT WARNING * * *
Harold throws a throwing net.
The throwing net closely misses you.
You have got your breath back.
You are feeling very hungry.
Harold points at you and mumbles some strange words.
The harpoon shot hits you!
You die...

##.##.###......#.#.####
......# ##.#####.#.#
.#.#### #.##......#
.... #.##.##.###
....######.##.##.#
###.#............#
.#.......#....#
.#.......####.#
#.......# #@# #.......#
#.# ###.......# #.#
#.......######.#
#.#........@.@(#
#.#.###.#..##..# ....
##.#..##..# #
#..#....!....######
#.#........#(.........


You could see Harold.

Vanquished Creatures
  A water moccasin (D:5)
  An orc warrior (D:6)
  A black bear (D:6)
  A sky beast (D:6)
  A centaur (D:6)
  A big kobold (Sewer)
  A bullfrog (D:7)
  5 scorpions
  2 howler monkeys
  2 crimson imps (D:5)
  2 bullfrog zombies
  2 hounds (D:6)
  A centaur skeleton (D:6)
  An orc priest (D:5)
  2 iguanas
  2 bullfrog skeletons
  3 orc wizards
  7 worker ants
  A worker ant zombie (D:6)
  4 gnolls
  8 adders
  A howler monkey skeleton (D:3)
  2 river rats (Sewer)
  2 shadow imps (D:6)
  An ooze (D:1)
  An adder skeleton (D:4)
  An adder zombie (D:6)
  7 worms
  A dart slug (D:2)
  4 leopard geckos
  13 orcs
  8 bats
  4 giant cockroaches
  8 goblins
  5 hobgoblins
  7 jackals
  4 quokkas
  2 ball pythons
  6 frilled lizards
  A giant cockroach zombie (D:6)
  11 kobolds
  6 rats
144 creatures vanquished.

Notes
Turn   | Place    | Note
-------+----------+-------------------------------------------
     0 | D:1      | DavidChitty2 the Draconian Conjurer began the quest for the
                  | Orb.
     0 | D:1      | Reached XP level 1. HP: 14/14 MP: 3/3
   196 | D:1      | Reached XP level 2. HP: 19/22 MP: 0/5
   463 | D:1      | Reached skill level 1 in Fighting
  1026 | D:1      | Learned a level 2 spell: Searing Ray
  1108 | D:1      | Reached XP level 3. HP: 24/28 MP: 0/6
  1362 | D:2      | Reached XP level 4. HP: 35/35 MP: 1/7
  1433 | D:2      | Learned a level 4 spell: Iskenderun's Mystic Blast
  1819 | D:2      | Reached skill level 1 in Shields
  1980 | D:2      | Reached skill level 5 in Conjurations
  2659 | D:3      | Reached XP level 5. HP: 38/41 MP: 2/9
  3230 | D:3      | Found an iron altar of Okawaru.
  3884 | D:4      | Reached XP level 6. HP: 41/50 MP: 0/10
  4168 | D:4      | Found a glowing drain.
  4179 | Sewer    | Entered a sewer
  4742 | Sewer    | Found a white marble altar of Elyvilon.
  4871 | D:4      | Reached skill level 6 in Conjurations
  5063 | D:4      | Your scales start taking on a fiery red colour.
  5063 | D:4      | Reached XP level 7. HP: 45/57 MP: 3/12
  5063 | D:4      | Gained mutation: Your flesh is heat resistant. (rF+) [Red
                  | Draconian growth]
  5489 | D:5      | Entered Level 5 of the Dungeon
  6413 | D:5      | Got a bloodstained hand axe
  6879 | D:5      | Reached skill level 7 in Conjurations
  7414 | D:6      | Reached XP level 8. HP: 44/66 MP: 0/14
  7526 | D:6      | Found a runed translucent door.
  7527 | D:6      | Found a shimmering altar of Xom.
  7527 | D:6      | Noticed temitten's ghost (amateur MiMo)
  7528 | D:6      | Noticed a +2 rapier of chaos
  7813 | D:6      | Got a steaming jade ring
  8444 | D:6      | Identified the ring "Boah" {Wiz rElec rF- Str+3 Stlth+}
                  | (You found it on level 6 of the Dungeon)
  8458 | D:6      | Identified the +9 hand axe of Seufile {speed, rPois rN+++
                  | Int-4 Dex+4} (You found it on level 5 of the Dungeon)
  8630 | D:6      | Reached skill level 5 in Fighting
  8630 | D:6      | Reached skill level 8 in Conjurations
  9048 | D:6      | Reached skill level 5 in Spellcasting
  9391 | D:7      | Noticed Harold
  9646 | D:7      | Killed from afar by Harold

Levels and vault maps discovered:
D:1:      dpeg_arrival_arbitrary_b, layout_rooms, minmay_domino_2
D:2:      layout_basic, first_ration
D:3:      layout_basic, okawaru_trees_1
D:4:      layout_basic, portal_sewer_entry_d, minmay_tree_intersection
D:5:      layout_cave_pods, st_stairs_13
D:6:      layout_layer_cave, ebering_ghost_xom
D:7:      layout_loops_cross, minmay_temple_entry_overgrown, uniq_joseph,
          uniq_harold, uniq_pikel

Skill      XL: |  1  2  3  4  5  6  7  8 |
---------------+-------------------------+-----
Fighting       | 1 2 3 4 5 |  5.4
Shields        | 1 2 3 4 |  4.6
Conjurations   | 5 6 7 8 |  8.4
Spellcasting   | 3 4 5 |  5.1
Dodging        | |  1.7
Stealth        | |  1.7

Action                   |  1- 3 |  4- 6 |  7- 9 || total
-------------------------+-------+-------+-------++-------
Melee: Dagger            |     5 |    34 |       ||    39
       Unarmed           |     3 |       |       ||     3
       Tailslap          |       |     3 |       ||     3
       Short sword       |       |       |     8 ||     8
       Falchion          |       |       |    13 ||    13
       Hand axe          |       |       |     3 ||     3
 Cast: Magic Dart        |    55 |   170 |   256 ||   481
       Searing Ray       |     3 |     6 |     4 ||    13
       Iskenderun's Myst |       |       |     4 ||     4
 Abil: Breathe Fire      |       |       |     1 ||     1
  Use: Scroll            |       |     8 |    10 ||    18
       Potion            |       |     1 |       ||     1
  Eat: Chunk             |     2 |    12 |    14 ||    28
Armor: Skin              |    14 |    25 |    28 ||    67
Dodge: Dodged            |    19 |    53 |    42 ||   114
Block: Shield            |       |       |    34 ||    34
       Rpst.: Falchion   |       |       |     5 ||     5

Table legend:
 A = Non-vault XP
 B = Vault XP
 C = Vault XP percentage of total XP
 D = Non-vault monster count
 E = Vault monster count
 F = Vault count percentage of total count
                 A         B        C        D         E       F
            +---------+---------+-------+---------+---------+-------
      Total |    2444 |     155 |   6.0 |     131 |      13 |   9.0
            +---------+---------+-------+---------+---------+-------
        D:1 |      75 |       3 |   3.8 |      21 |       2 |   8.7
        D:2 |     108 |       0 |   0.0 |      23 |       0 |   0.0
        D:3 |     175 |       0 |   0.0 |      23 |       0 |   0.0
        D:4 |     290 |      14 |   4.6 |      14 |       2 |  12.5
        D:5 |     549 |       0 |   0.0 |      18 |       0 |   0.0
        D:6 |    1076 |       0 |   0.0 |      27 |       0 |   0.0
        D:7 |     171 |       0 |   0.0 |       5 |       0 |   0.0
      Sewer |       0 |     138 | 100.0 |       0 |       9 | 100.0
            +---------+---------+-------+---------+---------+-------
